 Dungeon Crawl Stone Soup version 0.23.2-40-g277498a001 (webtiles) character file.

Game seed: 15770051685007805928

303 sankara the Sneak (level 6, -12/41 HPs)
             Began as a Vampire Enchanter on Dec 25, 2019.
             Mangled by Feetnoise's ghost (15 damage)
             ... on level 4 of the Dungeon.
             The game lasted 00:20:53 (5729 turns).

sankara the Sneak (Vampire Enchanter)               Turns: 5729, Time: 00:20:53

Health: -12/41     AC:  3    Str:  7    XL:     6   Next: 15%
Magic:  2/9        EV: 13    Int: 19    God:
Gold:   214        SH:  0    Dex: 15    Spells: 3/9 levels left

rFire    . . .     SeeInvis +   a - +2 dagger (flame)
rCold    + . .     Gourm    .   (no shield)
rNeg     + + .     Faith    .   b - +0 robe
rPois    +         Spirit   .   (no helmet)
rElec    .         Reflect  .   (no cloak)
rCorr    .         Harm     .   l - +0 pair of gloves
MR       .....                  (no boots)
Stlth    ++++++....             i - amulet of rage {+Rage, !d}
HPRegen  0.06/turn              A - ring of stealth {Stlth+}
MPRegen  0.11/turn              (no ring)

@: regenerating slowly
A: fangs 3, see invisible, unbreathing
a: Bat Form, Evoke Berserk Rage


You were on level 4 of the Dungeon.
You were near bloodless.

You visited 1 branch of the dungeon, and saw 4 of its levels.

You collected 214 gold pieces.

Inventory:

Hand Weapons
 a - a +2 dagger of flaming (weapon)
   (You took it off a kobold on level 2 of the Dungeon)
 m - a +1 dagger
Missiles
 s - 5 tomahawks (quivered)
 x - 16 poisoned needles
 y - 6 needles of sleeping
 z - 21 stones
Armour
 b - a +0 robe (worn)
 l - a +0 pair of gloves (worn)
   (You found it on level 2 of the Dungeon)
 r - a +0 leather armour
   (You took it off an orc on level 3 of the Dungeon)
Jewellery
 i - an amulet of rage (around neck) {+Rage, !d}
   (You found it on level 1 of the Dungeon)
 A - a ring of stealth (left hand) {Stlth+}
   (You found it on level 4 of the Dungeon)
Scrolls
 c - 4 scrolls of identify {unknown}
 e - 3 scrolls of amnesia {unknown}
 g - 2 scrolls of magic mapping {unknown}
 h - 2 scrolls of immolation {unknown}
 j - 3 scrolls of teleportation {unknown}
 k - 3 scrolls of remove curse {unknown}
 n - 2 scrolls of noise {unknown}
 p - a scroll of fog {unknown}
 u - 2 scrolls of fear {unknown}
 w - a scroll of random uselessness {unknown}
Potions
 d - 7 potions of blood {@q1}
 f - 2 potions of flight {unknown}
 o - a potion of brilliance {unknown}
 q - 2 potions of lignification {unknown}
 t - a potion of curing {unknown}
 v - 3 potions of invisibility {unknown}


   Skills:
 - Level 3.0 Short Blades
 - Level 2.1 Dodging
 * Level 7.8 Stealth
 + Level 2.1 Spellcasting
 + Level 5.8 Hexes
 + Level 2.3 Ice Magic


You had 3 spell levels left.
You knew the following spells:

 Your Spells              Type           Power        Failure   Level  Hunger
a - Corona                Hex            ###....      1%          1    #......
b - Ensorcelled Hibernat  Hex/Ice        ###...       4%          2    ##.....
c - Confuse               Hex            ###.....     4%          3    ###....

Your spell library contained the following spells:

 Spells                   Type           Power        Failure   Level  Hunger
 Tukima's Dance           Hex            ###.....     4%          3    ###....
 Dazzling Spray           Conj/Hex       ##....       16%         3    ###....


Dungeon Overview and Level Annotations

Branches:
Dungeon (4/15)
 Temple: D:4-7

Altars:
Fedhas
Nemelex Xobeh
Sif Muna

Annotations:
D:4 Feetnoise's ghost, amateur HOFi


Innate Abilities, Weirdness & Mutations

You heal slowly.
You have razor-sharp teeth.
You have supernaturally acute eyesight. (SInv)
You can survive without breathing.


Message History

Confirm with . or Enter, or press ? or * to list all spells.
Aiming: Ensorcelled Hibernation (safe; 4% risk of failure)
Press: ? - help, Shift-Dir - straight line, f - ball python
Aim: a ball python (hasn't noticed you, chance to defeat MR: 65%)
The ball python hisses angrily.
The ball python looks drowsy...
You are too injured to fight recklessly!
You are too injured to fight recklessly!
You are too injured to fight recklessly!
The helpless ball python fails to defend itself.
You bite the ball python, and draw its blood!
You feel better.
You feel slightly less thirsty.
You skewer the ball python like a kebab!!!
You burn the ball python.
You kill the ball python!
You start resting.
Magic restored.
You are feeling very thirsty.
You start resting.
HP restored.
Save game and exit?
Welcome back, sankara the Vampire Enchanter.
Press ? for a list of commands and other information.
d - 6 potions of blood {@q1} (gained 1)
A quokka comes into view.
The helpless quokka fails to defend itself.
You bite the quokka, and draw its blood!
You feel slightly less thirsty.
You perforate the quokka like a sieve!!!
You burn the quokka.
You kill the quokka!
You see here a quokka corpse.
You bottle the corpse's blood.
d - 7 potions of blood {@q1} (gained 1)
k - 3 scrolls labeled ITUFUHE JEETWU (gained 1)
An orc comes into view. It is wielding a +0 short sword.
The orc moves out of view.
An orc wizard comes into view. It is wielding a +0 dagger.
The orc wizard moves out of view.
Press: ? - help, v - describe, . - travel, g - get item
Here: Feetnoise's ghost (fire blocked by a runed translucent door)
An ivory ring.
The floor.
You open the door.
Cast which spell? (? or * to list)
Aiming: Confuse (safe; 4% risk of failure)
Press: ? - help, Shift-Dir - straight line, f - Feetnoise's ghost
Aim: Feetnoise's ghost (chance to defeat MR: 36%) Feetnoise's ghost easily resists.
Feetnoise's ghost hits you!
Casting: Confuse (safe; 4% risk of failure)
Confirm with . or Enter, or press ? or * to list all spells.
Aiming: Confuse (safe; 4% risk of failure)
Press: ? - help, Shift-Dir - straight line, f/p - Feetnoise's ghost
Aim: Feetnoise's ghost (chance to defeat MR: 36%) Feetnoise's ghost easily resists.
Feetnoise's ghost hits you.
Casting: Confuse (safe; 4% risk of failure)
Confirm with . or Enter, or press ? or * to list all spells.
Aiming: Confuse (safe; 4% risk of failure)
Press: ? - help, Shift-Dir - straight line, f/p - Feetnoise's ghost
Aim: Feetnoise's ghost (chance to defeat MR: 36%) Feetnoise's ghost easily resists.
Feetnoise's ghost hits you.
Unknown command.
Feetnoise's ghost whispers, "There is no future for you."
You feel almost devoid of blood!
Feetnoise's ghost wails.
Casting: Confuse (safe; 4% risk of failure)
Confirm with . or Enter, or press ? or * to list all spells.
Aiming: Confuse (safe; 4% risk of failure)
Press: ? - help, Shift-Dir - straight line, f/p - Feetnoise's ghost
Aim: Feetnoise's ghost (chance to defeat MR: 36%) Feetnoise's ghost appears confused.
Feetnoise's ghost hits you!
You are too injured to fight recklessly!
You hit Feetnoise's ghost. You burn Feetnoise's ghost.
Feetnoise's ghost is lightly damaged.
You catch the helpless Feetnoise's ghost completely off-guard!
You impale Feetnoise's ghost!! You burn Feetnoise's ghost.
Feetnoise's ghost is heavily damaged.
You hit Feetnoise's ghost. You burn Feetnoise's ghost.
Feetnoise's ghost is heavily damaged.
You hit Feetnoise's ghost but do no damage.
Feetnoise's ghost is heavily damaged.
You barely miss Feetnoise's ghost.
Feetnoise's ghost is heavily damaged.
You hit Feetnoise's ghost. You burn Feetnoise's ghost.
Feetnoise's ghost is heavily damaged.
Feetnoise's ghost hits you!
* * * LOW HITPOINT WARNING * * *
You hit Feetnoise's ghost but do no damage.
Feetnoise's ghost is heavily damaged.
You hit Feetnoise's ghost but do no damage.
Feetnoise's ghost is heavily damaged.
Feetnoise's ghost misses you.
You hit Feetnoise's ghost but do no damage.
You bite Feetnoise's ghost, but do no damage.
Feetnoise's ghost is heavily damaged.
You hit Feetnoise's ghost but do no damage.
You bite Feetnoise's ghost, but do no damage.
Feetnoise's ghost is heavily damaged.
Feetnoise's ghost hits you!
You die...

##.## #.#
#####...###.#
............#
####...##### ###
##.## ..# #.# #.#
#.# #.# #.# #.## #.#
#.# ...# ####@# ..#
#..# #...W# #.# #..#
#.#### #.### #..#
#.# ....####..# #.#
#.........# #.####
#...#.###.# #..%.##
###.......# #.##..#
##.##.#######.###.##


You could see Feetnoise's ghost (confused).

Vanquished Creatures
  A hound (D:4)
  Natasha (twice) (D:2)
  Terence (D:2)
  2 orc wizards (D:3)
  6 adders
  An ooze (D:3)
  An adder skeleton (D:4)
  A dart slug (D:2)
  2 leopard geckos (D:2)
  8 orcs (D:3)
  7 bats
  4 giant cockroaches
  4 goblins
  7 hobgoblins
  4 jackals
  7 kobolds
  4 quokkas
  3 ball pythons
  5 frilled lizards
  6 rats
76 creatures vanquished.

Notes
Turn   | Place    | Note
-------+----------+-------------------------------------------
     0 | D:1      | sankara the Vampire Enchanter began the quest for the Orb.
     0 | D:1      | Reached XP level 1. HP: 13/13 MP: 3/3
   428 | D:1      | Reached skill level 5 in Stealth
   496 | D:1      | HP: 2/13 [kobold/+0 dagger (3)]
   876 | D:1      | Reached XP level 2. HP: 19/19 MP: 1/5
   888 | D:1      | Learned a level 2 spell: Ensorcelled Hibernation
  1572 | D:2      | Noticed Terence
  1602 | D:2      | Reached XP level 3. HP: 24/24 MP: 1/6
  1613 | D:2      | Killed Terence
  1613 | D:2      | Reached skill level 2 in Short Blades
  1613 | D:2      | Reached skill level 6 in Stealth
  1675 | D:2      | Reached skill level 1 in Ice Magic
  1979 | D:2      | Reached XP level 4. HP: 30/30 MP: 2/7
  2163 | D:2      | Noticed Natasha
  2175 | D:2      | Killed Natasha
  2175 | D:2      | Reached skill level 5 in Hexes
  2493 | D:2      | Noticed Natasha
  2511 | D:2      | Killed Natasha
  2643 | D:3      | Reached XP level 5. HP: 35/35 MP: 8/8
  3221 | D:3      | Found a blossoming altar of Fedhas.
  3268 | D:3      | Found a deep blue altar of Sif Muna.
  3273 | D:3      | Reached skill level 7 in Stealth
  3537 | D:3      | Reached skill level 2 in Ice Magic
  3615 | D:3      | HP: 7/35 [orc wizard/magic dart (9)]
  3616 | D:3      | Reached skill level 3 in Short Blades
  4652 | D:3      | Learned a level 3 spell: Confuse
  5019 | D:4      | Found a sparkling altar of Nemelex Xobeh.
  5159 | D:4      | Reached XP level 6. HP: 20/41 MP: 1/9
  5627 | D:4      | Found a runed translucent door.
  5627 | D:4      | Noticed Feetnoise's ghost (amateur HOFi)
  5725 | D:4      | HP: 3/41 [Feetnoise's ghost (16)]
  5729 | D:4      | Mangled by Feetnoise's ghost

Skill      XL: |  1  2  3  4  5 |
---------------+----------------+-----
Stealth        | 5 6 7 |  7.8
Short Blades   | 2 3 |  3.0
Ice Magic      | 1 2 |  2.3
Hexes          | 5 |  5.8
Dodging        | |  2.1
Spellcasting   | |  2.1

Action                   |  1- 3 |  4- 6 || total
-------------------------+-------+-------++-------
Melee: Dagger            |    44 |   129 ||   173
       Bite              |     1 |     4 ||     5
 Cast: Corona            |     9 |     1 ||    10
       Ensorcelled Hiber |    17 |    45 ||    62
       Confuse           |       |     5 ||     5
 Abil: End Transformatio |       |     2 ||     2
       Bat Form          |       |     2 ||     2
  Use: Potion            |       |     5 ||     5
 Stab: Sleeping          |    20 |    31 ||    51
       Distracted        |       |     3 ||     3
       Confused          |       |     2 ||     2
Armor: Robe              |     5 |    19 ||    24
Dodge: Dodged            |    19 |    60 ||    79

Levels and vault maps discovered:
D:1:      dpeg_arrival_pond, layout_loops_corners
D:2:      minmay_evil_eye, layout_basic, uniq_terence, uniq_natasha
D:3:      layout_loops_ring, lemuel_coloured_pillars_altar, tgw_sif,
          serial_co_window_serial, co_window_of_opportunity_a,
          co_window_paths_a, co_window_paths_b, co_window_corner_a,
          co_window_paths_a, co_window_unsneaky_path_d, co_window_corner_b,
          co_window_broadway_c, co_window_paths_c, co_window_corner_b,
          glass_columns_a, first_ration
D:4:      layout_loops_ring, lemuel_round_altar, gammafunk_ghost_grave

Table legend:
 A = Turns spent in this place as a percentage of turns spent in the entire game.
 B = Non-inter-level travel turns spent in this place as a percentage of non-inter-level travel turns spent in the entire game.
 C = Inter-level travel turns spent in this place as a percentage of turns spent in this place.
 D = Turns resting spent in this place as a percentage of non-inter-level travel turns spent in this place.
 E = Turns spent auto-exploring this place as a percentage of non-inter-level travel turns spent in this place.
 F = Non-inter-level travel turns spent in this place divided by the number of levels of this place that you've seen.
                   A       B       C       D       E      F
               +-------+-------+-------+-------+-------+----------------------
         Total | 100.0 | 100.0 |   2.4 |  47.0 |  36.1 | 1397.2
       Dungeon | 100.0 | 100.0 |   2.4 |  47.0 |  36.1 | 1397.2
               +-------+-------+-------+-------+-------+----------------------

Table legend:
 A = Kills in this place as a percentage of kills in entire the game.
 B = Kills by you in this place as a percentage of kills by you in the entire game.
 C = Kills by friends in this place as a percentage of kills by friends in the entire game.
 D = Other kills in this place as a percentage of other kills in the entire game.
 E = Experience gained in this place as a percentage of experience gained in the entire game.
 F = Experience gained in this place divided by the number of levels of this place that you have seen.
                   A       B       C       D       E      F
               +-------+-------+-------+-------+-------+----------------------
         Total | 100.0 | 100.0 |   N/A |   N/A | 100.0 | 108.5
       Dungeon | 100.0 | 100.0 |   N/A |   N/A | 100.0 | 108.5
               +-------+-------+-------+-------+-------+----------------------
